 Dungeon Crawl Stone Soup version 0.27-a0-1187-ge80a49f48c (webtiles) character file.

Game seed: 13675063987730440280

7307 Froggeryz the Basher (level 10, 0/120 HPs)
             Began as a Green Draconian Berserker on May 20, 2021.
             Was a High Priest of Trog.
             Slain by an orc knight
             ... wielding a +0 war axe
              (25 damage)
             ... in a bailey.
             The game lasted 00:13:26 (10660 turns).

Froggeryz the Basher (Green Draconian Berserker)   Turns: 10660, Time: 00:13:27

Health: 0/120      AC: 10    Str: 21    XL:     10   Next: 90%
Magic:  10/10      EV: 17    Int: 13    God:    Trog [*****.]
Gold:   487        SH:  5    Dex: 13    Spells: 9/9 levels left

rFire    . . .     SeeInvis .   a - +1 mace
rCold    . . .     Faith    .   (no shield)
rNeg     . . .     Spirit   .   (armour unavailable)
rPois    +         Reflect  +   E - +0 hat
rElec    .         Harm     .   (no cloak)
rCorr    .         Rampage  .   y - +0 pair of gloves
Will     ++...                  h - +1 pair of boots {Fly}
Stlth    ..........             v - amulet of reflection
HPRegen  1.30/turn              j - +4 ring of evasion
MPRegen  0.12/turn              w - +6 ring of intelligence

@: berserking, strong-willed, flying, regenerating, very quick
A: breathe noxious fumes, AC +7, unfitting armour, poison resistance,
cold-blooded
a: Breathe Noxious Fumes, Renounce Religion, Berserk, Trog's Hand, Brothers in
Arms


You were in a bailey.
You worshipped Trog.
Trog was extremely pleased with you.
You visited 1 branch of the dungeon, and saw 10 of its levels.
You also visited: Bailey.

You collected 487 gold pieces.

Inventory:

Hand Weapons
 a - a +1 mace (weapon)
Missiles
 b - 3 throwing nets
 l - 49 poisoned darts
 N - a curare-tipped dart
Armour
 h - a +1 pair of boots of flying (worn)
 y - a +0 pair of gloves (worn)
 E - a +0 hat (worn)
Jewellery
 j - a +4 ring of evasion (left hand)
 v - an amulet of reflection (around neck)
 w - a +6 ring of intelligence (right hand)
 F - a +6 ring of intelligence
Wands
 m - a wand of flame (39)
 q - a wand of iceblast (6)
 r - a wand of paralysis (12)
 D - a wand of acid (4)
 G - a wand of charming (9)
Scrolls
 c - 2 scrolls of immolation
 d - 2 scrolls of fog {unknown}
 g - a scroll of fear
 i - 2 scrolls of enchant armour
 n - 2 scrolls of enchant weapon
 o - a scroll of silence
 A - 2 scrolls of blinking {unknown}
 B - a scroll of torment {unknown}
 C - a scroll of vulnerability {unknown}
 I - 3 scrolls of teleportation {unknown}
 J - a scroll of magic mapping {unknown}
 K - a scroll of summoning {unknown}
 L - a scroll of holy word {unknown}
 M - 4 scrolls of identify
Potions
 e - a potion of curing {unknown}
 f - 4 potions of flight
 k - 3 potions of heal wounds
 p - 2 potions of lignification {unknown}
 s - a potion of cancellation {unknown}
 t - 4 potions of magic {unknown}
 u - a potion of mutation {unknown}
 x - a potion of ambrosia {unknown}
 z - a potion of brilliance {unknown}
 H - a potion of haste {unknown}


   Skills:
 + Level 4.8 Fighting
 * Level 13.8 Maces & Flails
 - Level 5.0 Dodging
 - Level 7.2 Evocations


You had 9 spell levels left.
You didn't know any spells.
Your spell library was empty.

Dungeon Overview and Level Annotations

Branches:
Dungeon (10/15)            Temple (0/1) D:6          Bailey (1/1)
   Lair: D:8-11         Orc: D:9-12

Altars:
Fedhas
Hepliaklqana
Makhleb
Nemelex Xobeh
Okawaru
Sif Muna
Xom

Shops:
D:8 :


Innate Abilities, Weirdness & Mutations

You can breathe blasts of noxious fumes.
Your lurid green scales are hard. (AC +7)
You cannot fit into any form of body armour.
Your system is resistant to poisons. (rPois)
You are cold-blooded and may be slowed by cold attacks.


Message History

Your orc warrior hits the orc knight with a +0 hand axe.
Your orc warrior barely misses the goblin.
There is a gate leading back out of this place here.
Okay, then.
Your skin crawls.
You feel strong-willed.
Your orc warrior hits the orc knight but does no damage.
A red film seems to cover your vision as you go berserk!
You feel yourself moving faster!
You feel mighty!
You have got your breath back.
You sock the orc knight!
The orc knight is severely wounded.
The orc knight hits you with a +0 war axe!!
* * * LOW HITPOINT WARNING * * *
The orc knight barely misses your orc warrior.
The orc knight hits your orc warrior with a +0 war axe.
Your orc warrior closely misses the orc knight.
Your orc warrior barely misses the goblin.
You hit the orc knight.
The orc knight is severely wounded.
Your orc warrior hits the orc knight with a +0 hand axe.
Your orc warrior completely misses the goblin.
You barely miss the orc knight.
The orc knight is severely wounded.
The orc knight hits you with a +0 war axe!
* * * LOW HITPOINT WARNING * * *
The orc knight closely misses your orc warrior.
The orc knight hits your orc warrior with a +0 war axe.
The goblin hits your orc warrior but does no damage.
The goblin barely misses your orc warrior.
Your orc warrior misses the orc knight.
Your orc warrior barely misses the goblin.
You hit the orc knight.
The orc knight is severely wounded.
Your orc warrior barely misses the orc knight.
Your orc warrior barely misses the goblin.
You sock the orc knight!
Your tail-slap misses the orc knight.
The orc knight is almost dead.
The orc knight hits you with a +0 war axe!!
You die...

##.........##
#.........#
##.......##
#.......#
##.....##
♣##'g'##♣♣
♣..oo....♣
♣♣...o...♣♣♣
♣....@.....♣
♣♣.....)....♣
♣.....∩.....♣
♣...........♣
♣♣.♣.....♣.♣♣
♣♣♣♣.♣.♣♣♣♣
♣♣ ♣♣


You could see an orc knight (ally target), a goblin and 2 friendly orc warriors.

Vanquished Creatures
  A two-headed ogre (D:9)
  Maggie (D:8)
  A wraith (D:10)
  A wyvern (D:8)
  12 yaks
  2 steam dragons
  Menkaure (D:4)
  An acid dragon (D:7)
  2 water moccasins
  A hornet zombie (D:7)
  4 orc warriors (Bailey)
  2 ice beasts
  2 sky beasts
  2 black bears
  2 ogres
  A necrophage (D:7)
  6 centaurs
  A phantom (D:5)
  A kobold brigand (D:8)
  4 bullfrogs
  2 scorpions
  2 water moccasin skeletons
  5 killer bees (D:8)
  5 wights (D:9)
  5 howler monkeys
  3 centaur zombies
  2 hounds
  A jelly (D:7)
  A bullfrog skeleton (D:6)
  5 iguanas
  5 orc wizards
  2 hound skeletons
  7 gnolls
  A howler monkey skeleton (D:6)
  10 adders
  A shadow imp (D:7)
  2 white imps
  An ufetubus (D:5)
  A worm (D:2)
  A dart slug (D:2)
  24 orcs
  4 ball pythons
  6 bats
  4 endoplasms
  5 giant cockroaches
  19 goblins
  15 hobgoblins
  4 jackals
  9 kobolds
  5 quokkas
  2 frilled lizards
  3 rats (D:1)
210 creatures vanquished.

Vanquished Creatures (collateral kills)
  A killer bee (D:8)
1 creature vanquished.

Grand Total: 211 creatures vanquished

Notes
Turn   | Place    | Note
-------+----------+-------------------------------------------
     0 | D:1      | Froggeryz the Draconian Berserker began the quest for the
                  | Orb.
     0 | D:1      | Reached XP level 1. HP: 19/19 MP: 1/1
    91 | D:1      | Reached XP level 2. HP: 11/26 MP: 2/2
   677 | D:1      | Reached skill level 4 in Maces & Flails
  1105 | D:1      | Reached XP level 3. HP: 11/31 MP: 3/3
  1496 | D:2      | Reached ** piety under Trog
  1654 | D:2      | Found a faded altar of an unknown god.
  2458 | D:3      | Found a blossoming altar of Fedhas.
  2655 | D:3      | Found a shimmering altar of Xom.
  2703 | D:3      | Reached XP level 4. HP: 38/38 MP: 4/4
  2819 | D:3      | Reached skill level 5 in Maces & Flails
  3152 | D:3      | Reached XP level 5. HP: 40/45 MP: 5/5
  3559 | D:4      | Reached skill level 6 in Maces & Flails
  3583 | D:4      | Noticed Menkaure
  3595 | D:4      | Killed Menkaure
  3596 | D:4      | Reached XP level 6. HP: 38/51 MP: 6/6
  3921 | D:4      | Reached skill level 7 in Maces & Flails
  4518 | D:4      | Noticed an ice beast
  4529 | D:4      | Killed an ice beast
  4530 | D:4      | Your scales start taking on a lurid green colour.
  4530 | D:4      | Reached XP level 7. HP: 57/57 MP: 7/7
  4530 | D:4      | Gained mutation: Your system is resistant to poisons.
                  | (rPois) [Green Draconian growth]
  4735 | D:5      | Entered Level 5 of the Dungeon
  4781 | D:5      | Found a shimmering blue altar of Sif Muna.
  5067 | D:5      | Reached skill level 8 in Maces & Flails
  5473 | D:5      | Reached *** piety under Trog
  6159 | D:6      | Found a staircase to the Ecumenical Temple.
  6239 | D:6      | Reached XP level 8. HP: 63/63 MP: 8/8
  6249 | D:6      | Identified a scroll of acquirement
  6250 | D:6      | Acquired a +1 pair of boots of flying
  6343 | D:6      | Reached skill level 9 in Maces & Flails
  6343 | D:6      | Reached skill level 5 in Dodging
  6425 | D:6      | Found an iron altar of Okawaru.
  6567 | D:6      | Reached skill level 1 in Evocations
  7178 | D:7      | Reached skill level 10 in Maces & Flails
  7724 | D:7      | Reached XP level 9. HP: 63/70 MP: 9/9
  7788 | D:7      | Reached **** piety under Trog
  8020 | D:7      | Found a burning altar of Makhleb.
  8150 | D:7      | Reached skill level 11 in Maces & Flails
  8161 | D:7      | Reached skill level 5 in Evocations
  8675 | D:8      | Found a hazy altar of Hepliaklqana.
  8685 | D:8      | Found Russ's Book Emporium.
  8707 | D:8      | Reached skill level 12 in Maces & Flails
  8755 | D:8      | Reached XP level 10. HP: 68/77 MP: 10/10
  8783 | D:8      | Noticed Maggie
  8814 | D:8      | Killed Maggie
  9457 | D:9      | Noticed a two-headed ogre
  9481 | D:9      | Killed a two-headed ogre
  9482 | D:9      | Reached skill level 13 in Maces & Flails
 10053 | D:9      | You are sucked into a shaft and drop 1 floor!
 10053 | D:10     | Entered Level 10 of the Dungeon
 10054 | D:10     | Noticed a two-headed ogre
 10270 | D:10     | Found a sparkling altar of Nemelex Xobeh.
 10400 | D:10     | Found a flagged portal.
 10409 | Bailey   | Entered a bailey
 10510 | Bailey   | Reached ***** piety under Trog
 10600 | Bailey   | Noticed an orc knight
 10660 | Bailey   | Slain by an orc knight

Illustrated notes

Levels and vault maps discovered:
D:1:      dpeg_arrival_round_c, layout_basic, ebering_dispersal_statue_hall,
          grunt_decor_arrowhead
D:2:      minmay_angry_zag, layout_basic,
          shapermc_ecumenical_altar_totnotflames, minmay_tiny_reverse_x
D:3:      layout_basic, lemuel_doored_altar, marbit_many_paths
D:4:      layout_basic, chequers_serial_rivers_large_b, uniq_menkaure
D:5:      layout_loops_corners, led_sif_pool
D:6:      layout_loops_ring, okawaru_altar_gauntlet_db,
          minmay_temple_entry_gardened_gates, minmay_starry_boxes
D:7:      layout_basic, makhleb_blood_cavern_becter
D:8:      layout_gridville, general_overflow_altar, serial_shops, shop,
          minmay_circle_x, uniq_maggie
D:9:      layout_basic, amcnicky_altar_gilded, kennysheep_little_box
D:10:     layout_small_grid, lemuel_tele_altar, old_standard_altar,
          nemelex_xobeh_ov_fountains_minmay, minitemple, enter_bailey_6
Bailey:   bailey_axe_minmay_hex_keep, bailey

Skill      XL: |  1  2  3  4  5  6  7  8  9 10 |
---------------+-------------------------------+-----
Maces & Flails | 4 5 6 7 8 10 12 13 | 13.8
Dodging        | 3 4 5 |  5.0
Evocations     | 3 6 7 |  7.2
Fighting       | 4 |  4.8

Action                   |  1- 3 |  4- 6 |  7- 9 | 10-12 || total
-------------------------+-------+-------+-------+-------++-------
Melee: Mace              |   115 |   131 |   340 |   278 ||   864
       Tailslap          |    11 |    12 |    50 |    51 ||   124
Invok: Berserk           |     1 |     5 |     1 |     1 ||     8
       Trog's Hand       |       |       |       |     1 ||     1
 Abil: Breathe Noxious F |       |       |    14 |    11 ||    25
Evoke: Wand              |       |       |       |     2 ||     2
  Use: Scroll            |       |       |     8 |       ||     8
       Potion            |       |       |       |     2 ||     2
 Stab: Confused          |       |       |     5 |    16 ||    21
Armor: Skin              |    53 |    41 |    74 |    32 ||   200
Dodge: Dodged            |    71 |    96 |   232 |   158 ||   557
Block: Other             |       |       |    52 |    48 ||   100
       Reflection        |       |       |     3 |     4 ||     7

Table legend: (Time is in decaauts)
 A = Elapsed time spent in this place.
 B = Non-inter-level travel time spent in this place.
 C = Inter-level travel time spent in this place.
 D = Time resting spent in this place.
 E = Time spent auto-exploring this place.
 F = Levels seen in this place.
 G = Mean time per level.
                   A        B        C        D        E       F      G
               +--------+--------+--------+--------+--------+-----+--------+
         Total |  10736 |  10358 |    378 |   1862 |   6545 |  11 |  976.0 |
       Dungeon |  10509 |  10131 |    378 |   1831 |   6545 |  10 | 1050.9 |
        Bailey |    226 |    226 |      0 |     31 |      0 |   1 |  226.0 |
               +--------+--------+--------+--------+--------+-----+--------+

Top non-repeatable levels by time:
     D:1: 1335 daAuts
     D:3: 1283 daAuts
     D:6: 1281 daAuts
     D:7: 1272 daAuts
     D:4: 1200 daAuts
     D:5: 1136 daAuts
     D:8: 1098 daAuts
     D:2: 1085 daAuts
     D:9: 477 daAuts
    D:10: 338 daAuts
  Bailey: 226 daAuts
